 Dungeon Crawl Stone Soup version 0.17-a0-802-g1f09329 (console) character file.

28 dunyain the Chopper (level 3, 23/27 HPs)
             Began as a Demonspawn Gladiator on Apr 26, 2015.
             Quit the game on level 2 of the Dungeon.
             The game lasted 00:01:40 (1121 turns).

dunyain the Chopper (Demonspawn Gladiator)          Turns: 1121, Time: 00:01:40

Health: 23/27      AC:  3    Str: 15    XL:     3   Next: 0%
Magic:  3/3        EV: 12    Int:  9    God:
Gold:   40         SH:  0    Dex: 14    Spells: 0 memorised, 2 levels left

rFire  . . .     SeeInvis .     a - +0 war axe
rCold  . . .     Clarity  .     b - +0 leather armour
rNeg   . . .     SustAb   .     (no shield)
rPois  .         Gourm    .     (helmet restricted)
rElec  .         Spirit   .     (no cloak)
rCorr  .         Warding  .     (no gloves)
rMut   .         Stasis   .     (no boots)
MR     .....                    (no amulet)
Stlth  ++........               (no ring)
                                (no ring)

@: not resistant to hostile enchantments, unstealthy
A: horns 1, nightstalker 1
a: no special abilities


You were on level 2 of the Dungeon.
You were not hungry.

You visited 1 branch of the dungeon, and saw 2 of its levels.

You collected 40 gold pieces.

Inventory:

Hand weapons
 a - a +0 war axe (weapon)
Missiles
 d - 3 throwing nets (quivered)
Armour
 b - a +0 leather armour (worn)
 c - a +0 helmet
Jewellery
 q - an uncursed amulet of rage {unknown}
Scrolls
 i - a scroll of random uselessness {unknown}
 j - 3 scrolls of remove curse {unknown}
 k - a scroll of recharging {unknown}
 n - a scroll of enchant weapon {unknown}
 p - a scroll of enchant armour {unknown}
 s - 2 scrolls of teleportation {unknown}
 t - 2 scrolls of identify {unknown}
Potions
 g - 2 potions of curing {unknown}
 h - a potion of magic {unknown}
 l - 2 potions of degeneration {unknown}
 m - 2 potions of haste {unknown}
 o - a potion of brilliance {unknown}
 u - a potion of ambrosia {unknown}
 w - a potion of restore abilities {unknown}
Comestibles
 e - 2 bread rations
 r - 3 chunks of flesh
 v - a meat ration


   Skills:
 - Level 2.0 Fighting
 + Level 3.8 Axes
 - Level 1.7 Throwing
 - Level 2.6 Dodging


You had 2 spell levels left.
You didn't know any spells.

Dungeon Overview and Level Annotations

Branches:
Dungeon (2/15)

Altars:

Annotations:
D:2 exclusion: 2 adders


Innate Abilities, Weirdness & Mutations

You have a pair of small horns on your head.
You are slightly more attuned to the shadows.


Message History

A bat comes into view.
The bat hits you.
Found a scroll labeled TIREUF VOGIU.
The bat hits you.
There is a large open door here.
The bat hits you. The bat closely misses you.
There is a fountain of clear blue water here.
The bat closely misses you. The bat barely misses you.
You see here a scroll labeled TIREUF VOGIU.
You slash the bat!
You kill the bat!
You have reached level 3!
Your experience leads to an increase in your attributes!
Increase (S)trength, (I)ntelligence, or (D)exterity?
You feel agile.
Your demonic ancestry asserts itself...
A pair of horns grows on your head!
Your +0 helmet falls away!
Are you sure you want to abandon this character and quit the game? (Confirm with "yes".)

..........#.......###.
....................
.................##+#
.###............##.⌠.
............#..##...#
..##.####.....##...#
(..... #....##...#
.....# #...''.⌠.++
.....#.......##.@†#
..............##...#
.............. ##...#
............... #.⌠.#
.....########## #+##
.....+ .....# .....#
.....#


There were no monsters in sight!

Vanquished Creatures
  An adder (D:2)
  2 hobgoblins
  A jackal (D:1)
  A quokka (D:2)
  4 bats
  A giant cockroach (D:1)
  4 goblins (D:1)
  2 kobolds
  6 rats
22 creatures vanquished.

Notes
Turn   | Place    | Note
--------------------------------------------------------------
     0 | D:1      | dunyain, the Demonspawn Gladiator, began the quest for the Orb.
     0 | D:1      | Reached XP level 1. HP: 16/16 MP: 1/1
   275 | D:1      | Reached skill level 3 in Axes
   494 | D:1      | Gained mutation: You are slightly more attuned to the shadows. [demonic ancestry]
   494 | D:1      | Reached XP level 2. HP: 22/22 MP: 2/2
  1120 | D:2      | Gained mutation: You have a pair of small horns on your head. [demonic ancestry]
  1120 | D:2      | Reached XP level 3. HP: 23/27 MP: 3/3
  1121 | D:2      | Quit the game

Action                   || total
-------------------------++-------
Melee: War axe           ||    60
  Eat: Chunk             ||     1
